CHICOUTIMI MASTODONTES vs LONDON ACES

Created - 25 octobre 2025 at 09:14

Goals
1 2 3 T
CHICOUTIMI MASTODONTES 3 0 1 4
LONDON ACES 0 2 0 2
Shots
1 2 3 T
CHICOUTIMI MASTODONTES 16 23 17 56
LONDON ACES 5 16 16 37

1st period

1. CHICOUTIMI MASTODONTES , Anthony Mantha 2 (Andrew Agozzino 2, Jett Woo 3) at 11:31
2. CHICOUTIMI MASTODONTES , Philip Tomasino 4 (Justin Barron 5) at 14:20
3. CHICOUTIMI MASTODONTES , Philip Tomasino 5 (Sasha Pastujov 1, Bradly Nadeau 5) at 18:31

Penalties :
Patrik Koch (LON) for Roughing (Minor) at 7:07

2nd period

4. LONDON ACES , Zach Solow 1 (Curtis Douglas 2) at 14:26
5. LONDON ACES , Walker Duehr 2 (Scott Perunovich 3, Sammy Walker 4) at 18:33

Penalties :
Oscar Eklind (LON) for Interference (Minor) at 0:26, Drew Bavaro (LON) for Elbowing (Minor) at 2:52, Nick Bjugstad (CHI) for High sticking (Minor) at 11:20, Jack Millar (CHI) for Hooking (Minor) at 16:31

3rd period

6. CHICOUTIMI MASTODONTES , Nick Bjugstad 3 (Ville Koivunen 3, Justin Barron 6) at 17:58

Penalties :
Jack Millar (CHI) for Interference (Minor) at 2:06, Scott Perunovich (LON) for Roughing (Minor) at 5:47, Drew Bavaro (LON) for Interference (Minor) at 9:42

Goalie Stats

Waltteri Ignatjew (CHI), 35 saves from 37 shots - (0,946), W, 4-1-1, 60:00 minutes
Devin Cooley (LON), 52 saves from 56 shots - (0,929), L, 3-2-0, 60:00 minutes

Players Stats for CHICOUTIMI MASTODONTES

Player Name              G  A  P  +/- PIM S  H  SB GA TA FO     MP     PP MP  PK MP  
------------------------------------------------------------------------------------
Andrew Agozzino          0  1  1   1  0   3  0  0  0  0  13/31  29:53   4:31   3:30 
Anthony Mantha           1  0  1   1  0   9  1  0  0  0  1/17   15:38   4:30   0:00 
Bradly Nadeau            0  1  1   1  0   4  1  0  0  0  4/26   17:31   0:50   0:34 
Ethen Frank              0  0  0   0  0   0  0  0  0  0  0/0     0:00   0:00   0:00 
Gage Quinney             0  0  0   0  0   0  0  0  0  0  0/0     4:58   0:00   0:00 
Jack Millar              0  0  0   1  4   1  4  3  0  0  0/0    23:19   5:18   1:04 
Jett Woo                 0  1  1   1  0   2  0  0  0  0  0/0    24:39   4:49   2:51 
Justin Barron            0  2  2   1  0   8  0  4  0  0  0/0    24:42   5:06   3:26 
Kevin Connauton          0  0  0   2  0   1  3  0  0  0  0/0    27:39   4:37   3:26 
Luke Rowe                0  0  0   0  0   1  1  1  0  0  0/0    12:06   0:00   1:07 
Nathan Gaucher           0  0  0   0  0   0  0  0  0  0  0/0     0:00   0:00   0:00 
Nick Bjugstad            1  0  1   0  2   9  6  0  0  0  1/2    19:31   5:25   1:18 
Philip Tomasino          2  0  2   1  0   7  0  0  0  0  2/11   23:36   4:34   0:35 
Samuel Knazko            0  0  0  -1  0   0  2  1  0  0  0/0     7:33   0:00   0:00 
Sasha Pastujov           0  1  1   1  0   2  1  0  0  0  2/4    25:35   3:41   2:13 
Stephen Halliday         0  0  0   1  0   0  2  0  0  0  1/1    14:33   0:00   0:00 
Valtteri Puustinen       0  0  0   0  0   0  0  0  0  0  0/0     0:00   0:00   0:00 
Ville Koivunen           0  1  1   0  0   9  0  1  0  0  1/2    22:47   6:14   3:44 

Players Stats for LONDON ACES

Player Name              G  A  P  +/- PIM S  H  SB GA TA FO     MP     PP MP  PK MP  
------------------------------------------------------------------------------------
Cam Lund                 0  0  0   0  0   4  0  0  0  0  8/11   11:13   0:00   0:00 
Cooper Walker            0  0  0   0  0   0  0  1  0  0  0/0     1:03   0:00   0:38 
Curtis Douglas           0  1  1   0  0   5  2  0  0  0  20/27  21:45   3:37   4:38 
Daniel D'Amato           0  0  0   0  0   0  0  0  0  0  0/0    11:13   0:00   0:00 
Drew Bavaro              0  0  0  -2  4   0  2  2  0  0  0/0    22:19   2:19   3:30 
Josiah Slavin            0  0  0   0  0   1  0  0  0  0  1/1    17:07   3:37   0:00 
Lleyton Moore            0  0  0   1  0   1  0  2  0  0  0/0    21:06   3:12   4:37 
Martin Chromiak          0  0  0  -2  0   2  1  0  0  0  0/0    21:52   2:20   5:17 
Navrin Mutter            0  0  0   0  0   0  0  0  0  0  0/0     5:10   0:00   0:00 
Oscar Eklind             0  0  0  -2  2   1  1  0  0  0  5/6    20:17   2:20   3:43 
Patrik Koch              0  0  0   1  2   1  3  4  0  0  0/0    20:02   3:12   2:57 
Sammy Walker             0  1  1  -2  0   3  0  0  0  0  28/38  25:53   2:20   4:33 
Scott Perunovich         0  1  1  -2  2   6  0  0  0  0  0/0    23:48   2:19   4:21 
Simon Mack               0  0  0  -1  0   0  0  2  0  0  0/0    15:07   0:26   0:59 
Tommy Bergsland          0  0  0  -1  0   1  0  1  0  0  0/0    16:56   0:26   2:48 
Tucker Robertson         0  0  0   0  0   1  0  0  0  0  5/5     5:10   0:00   0:00 
Walker Duehr             1  0  1   0  0   5  2  0  0  0  1/4    12:52   0:00   1:39 
Zach Solow               1  0  1   0  0   6  0  0  0  0  1/2    17:07   3:37   0:00 

3 Stars

1 - Philip Tomasino (CHI)
2 - Waltteri Ignatjew (CHI)
3 - Justin Barron (CHI)

Power Play

CHICOUTIMI MASTODONTES - 0 on 5 Attempt(s) - 0,00%
LONDON ACES - 0 on 3 Attempt(s) - 0,00%

Penalty Kill

CHICOUTIMI MASTODONTES - 3 on 3 Attempt(s) - 100,00% - Score 0 goal in Penalty Kill
LONDON ACES - 5 on 5 Attempt(s) - 100,00% - Score 0 goal in Penalty Kill

Team Stat

CHICOUTIMI MASTODONTES - Hits : 21 - Faceoff Wins : 25 - Blocked Shots : 10 - Penalty Minutes : 6
LONDON ACES - Hits : 11 - Faceoff Wins : 69 - Blocked Shots : 12 - Penalty Minutes : 10

Official

Referees : Jake Brenk and Troy Paterson
Linesman : Bryan Pancich and Jeff Walker

Game Notes

No Game Note

CHICOUTIMI MASTODONTES

5 vs 5 Forward 
   Center                   Left Wing                Right Wing               Time % Phy DF OF 
 1 Andrew Agozzino          Nick Bjugstad            Ville Koivunen           36     1   2  2  
 2 Bradly Nadeau            Sasha Pastujov           Philip Tomasino          31     1   2  2  
 3 Anthony Mantha           Andrew Agozzino          Stephen Halliday         23     1   2  2  
 4 Sasha Pastujov           Gage Quinney             Andrew Agozzino          10     1   2  2  

5 vs 5 Defense 
   Defense                  Defense                                           Time % Phy DF OF 
 1 Kevin Connauton          Justin Barron                                     36     1   2  2  
 2 Jack Millar              Jett Woo                                          31     1   2  2  
 3 Kevin Connauton          Luke Rowe                                         23     1   2  2  
 4 Samuel Knazko            Justin Barron                                     10     1   2  2  

PowerPlay Forward 
   Center                   Left Wing                Right Wing               Time % Phy DF OF 
 1 Andrew Agozzino          Nick Bjugstad            Ville Koivunen           55     1   2  2  
 2 Philip Tomasino          Sasha Pastujov           Anthony Mantha           45     1   2  2  

PowerPlay Defense
   Defense                  Defense                                           Time % Phy DF OF 
 1 Kevin Connauton          Justin Barron                                     55     1   2  2  
 2 Jack Millar              Jett Woo                                          45     1   2  2  

Penalty Kill 4 Players Forward 
   Center                   Wing                     Time % Phy DF OF 
 1 Andrew Agozzino          Ville Koivunen           55     1   2  2  
 2 Nick Bjugstad            Sasha Pastujov           45     1   2  2  

Penalty Kill 4 Players Defense
   Defense                  Defense                  Time % Phy DF OF 
 1 Kevin Connauton          Justin Barron            55     1   2  2  
 2 Jett Woo                 Jack Millar              45     1   2  2  

Penalty Kill - 3 Players Forward 
   Forward                                           Time % Phy DF OF 
 1 Andrew Agozzino                                   55     1   2  2  
 2 Sasha Pastujov                                    45     1   2  2  

Penalty Kill - 3 Players Defense
   Defense                  Defense                  Time % Phy DF OF 
 1 Kevin Connauton          Justin Barron            55     1   2  2  
 2 Samuel Knazko            Luke Rowe                45     1   2  2  

4 vs 4 Forward 
   Center                   Wing                     Time % Phy DF OF 
 1 Andrew Agozzino          Sasha Pastujov           55     1   2  2  
 2 Nick Bjugstad            Ville Koivunen           45     1   2  2  

4 vs 4 Defense
   Defense                  Defense                  Time % Phy DF OF 
 1 Kevin Connauton          Justin Barron            55     1   2  2  
 2 Luke Rowe                Samuel Knazko            45     1   2  2  

Last Minutes Offensive
   Center                   Left Wing                Right Wing               Defense                  Defense                  
   Andrew Agozzino          Nick Bjugstad            Ville Koivunen           Kevin Connauton          Justin Barron            

Last Minutes Defensive
   Center                   Left Wing                Right Wing               Defense                  Defense                  
   Andrew Agozzino          Nick Bjugstad            Ville Koivunen           Kevin Connauton          Justin Barron            

Goaltenders
Starting : Waltteri Ignatjew        
Backup : Brett Brochu             

Extra Forwards
Normal : Sasha Pastujov, Stephen Halliday, Andrew Agozzino - PP : Andrew Agozzino, Sasha Pastujov - PK : Andrew Agozzino
Extra Defensemen
Normal : Kevin Connauton, Justin Barron, Jack Millar - PP : Kevin Connauton - PK : Justin Barron, Kevin Connauton
Penalty Shots
Andrew Agozzino, Stephen Halliday, Gage Quinney, Bradly Nadeau, Sasha Pastujov

Scratches
Colton Huard (Healthy), Hunter Brzustewicz (Healthy), Nick Leddy (Healthy), Luca Pinelli (Healthy), Noel Nordh (Healthy)
T.J. Semptimphelter (Healthy)

LONDON ACES

5 vs 5 Forward 
   Center                   Left Wing                Right Wing               Time % Phy DF OF 
 1 Sammy Walker             Martin Chromiak          Oscar Eklind             36     1   2  2  
 2 Curtis Douglas           Josiah Slavin            Zach Solow               31     1   2  2  
 3 Cam Lund                 Daniel D'Amato           Walker Duehr             23     1   2  2  
 4 Tucker Robertson         Navrin Mutter            Sammy Walker             10     1   2  2  

5 vs 5 Defense 
   Defense                  Defense                                           Time % Phy DF OF 
 1 Scott Perunovich         Drew Bavaro                                       36     1   2  2  
 2 Lleyton Moore            Patrik Koch                                       31     1   2  2  
 3 Simon Mack               Tommy Bergsland                                   23     1   2  2  
 4 Scott Perunovich         Drew Bavaro                                       10     1   2  2  

PowerPlay Forward 
   Center                   Left Wing                Right Wing               Time % Phy DF OF 
 1 Sammy Walker             Martin Chromiak          Oscar Eklind             55     1   2  2  
 2 Curtis Douglas           Josiah Slavin            Zach Solow               45     1   2  2  

PowerPlay Defense
   Defense                  Defense                                           Time % Phy DF OF 
 1 Scott Perunovich         Drew Bavaro                                       55     1   2  2  
 2 Lleyton Moore            Patrik Koch                                       45     1   2  2  

Penalty Kill 4 Players Forward 
   Center                   Wing                     Time % Phy DF OF 
 1 Sammy Walker             Martin Chromiak          55     1   2  2  
 2 Oscar Eklind             Curtis Douglas           45     1   2  2  

Penalty Kill 4 Players Defense
   Defense                  Defense                  Time % Phy DF OF 
 1 Scott Perunovich         Drew Bavaro              55     1   2  2  
 2 Lleyton Moore            Patrik Koch              45     1   2  2  

Penalty Kill - 3 Players Forward 
   Forward                                           Time % Phy DF OF 
 1 Sammy Walker                                      55     1   2  2  
 2 Martin Chromiak                                   45     1   2  2  

Penalty Kill - 3 Players Defense
   Defense                  Defense                  Time % Phy DF OF 
 1 Scott Perunovich         Drew Bavaro              55     1   2  2  
 2 Lleyton Moore            Patrik Koch              45     1   2  2  

4 vs 4 Forward 
   Center                   Wing                     Time % Phy DF OF 
 1 Sammy Walker             Martin Chromiak          55     1   2  2  
 2 Oscar Eklind             Curtis Douglas           45     1   2  2  

4 vs 4 Defense
   Defense                  Defense                  Time % Phy DF OF 
 1 Scott Perunovich         Drew Bavaro              55     1   2  2  
 2 Lleyton Moore            Patrik Koch              45     1   2  2  

Last Minutes Offensive
   Center                   Left Wing                Right Wing               Defense                  Defense                  
   Sammy Walker             Martin Chromiak          Oscar Eklind             Scott Perunovich         Drew Bavaro              

Last Minutes Defensive
   Center                   Left Wing                Right Wing               Defense                  Defense                  
   Sammy Walker             Martin Chromiak          Oscar Eklind             Scott Perunovich         Drew Bavaro              

Goaltenders
Starting : Devin Cooley             
Backup : Gabriel Carriere         

Extra Forwards
Normal : Cooper Walker, Daniel D'Amato, Walker Duehr - PP : Cooper Walker, Daniel D'Amato - PK : Walker Duehr
Extra Defensemen
Normal : Simon Mack, Tommy Bergsland, Lleyton Moore - PP : Simon Mack - PK : Tommy Bergsland, Lleyton Moore
Penalty Shots
Sammy Walker, Martin Chromiak, Oscar Eklind, Curtis Douglas, Josiah Slavin

Scratches
Bear Hughes (Healthy), Dylan Wendt (Healthy), Cooper Gay (Healthy), Wyatt Aamodt (Separated Left Shoulder Injury), Joe Dunlap (Healthy)
Lucas Condotta (Healthy), Raphael Lavoie (Healthy), Ryan Kirwan (Healthy), Sean Chisholm (Healthy), Sullivan Mack (Healthy)
Tim Washe (Healthy), Thomas Milic (Healthy)

% Time on Ice - CHICOUTIMI MASTODONTES

Lines # - Real PCT - Wanted PCT - Time Play
Normal Forward
1 - 29% - 36% - 12:49
2 - 35% - 31% - 15:29
3 - 25% - 23% - 11:08
4 - 11% - 10% - 4:42
Normal Defense
1 - 20% - 36% - 8:37
2 - 38% - 31% - 16:59
3 - 25% - 23% - 10:59
4 - 17% - 10% - 7:33
PP Forward
1 - 63% - 55% - 6:14
2 - 37% - 45% - 3:41
PP Defense
1 - 51% - 55% - 5:06
2 - 49% - 45% - 4:49
PK Forward
1 - 63% - 55% - 3:44
2 - 37% - 45% - 2:13
PK Defense
1 - 45% - 55% - 2:39
2 - 55% - 45% - 3:18
PK3 Forward
1 - 0% - 55%
2 - 0% - 45%
PK3 Defense
1 - 0% - 55%
2 - 0% - 45%
44 Forward
1 - 0% - 55%
2 - 0% - 45%
44 Defense
1 - 0% - 55%
2 - 0% - 45%
Last Minute Offensive  - 0:00
Last Minute Defensive  - 0:00
Total
Forward - 60:00
Defense - 60:00

% Time on Ice - LONDON ACES

Lines # - Real PCT - Wanted PCT - Time Play
Normal Forward
1 - 32% - 36% - 14:15
2 - 31% - 31% - 13:30
3 - 25% - 23% - 11:13
4 - 12% - 10% - 5:10
Normal Defense
1 - 36% - 36% - 15:49
2 - 30% - 31% - 13:17
3 - 31% - 23% - 13:42
4 - 3% - 10% - 1:20
PP Forward
1 - 39% - 55% - 2:20
2 - 61% - 45% - 3:37
PP Defense
1 - 46% - 55% - 2:45
2 - 54% - 45% - 3:12
PK Forward
1 - 53% - 55% - 5:17
2 - 47% - 45% - 4:38
PK Defense
1 - 63% - 55% - 6:16
2 - 37% - 45% - 3:39
PK3 Forward
1 - 0% - 55%
2 - 0% - 45%
PK3 Defense
1 - 0% - 55%
2 - 0% - 45%
44 Forward
1 - 0% - 55%
2 - 0% - 45%
44 Defense
1 - 0% - 55%
2 - 0% - 45%
Last Minute Offensive  - 0:00
Last Minute Defensive  - 0:00
Total
Forward - 60:00
Defense - 60:00

Play-by-Play

1st period


0:01 of 1st period - Andrew Agozzino wins face-off versus Sammy Walker in neutral zone.
0:40 of 1st period - Shot by Martin Chromiak.
0:40 of 1st period - Stopped by Waltteri Ignatjew without a rebound.
0:41 of 1st period - Bradly Nadeau wins face-off versus Curtis Douglas in CHICOUTIMI MASTODONTES zone.
1:09 of 1st period - Shot by Curtis Douglas.
1:09 of 1st period - Shot Misses the Net.
1:11 of 1st period - Shot by Curtis Douglas.
1:11 of 1st period - Shot Misses the Net.
1:13 of 1st period - Shot by Josiah Slavin.
1:13 of 1st period - Shot Misses the Net.
1:48 of 1st period - Shot by Cam Lund.
1:48 of 1st period - Shot Misses the Net.
1:50 of 1st period - Shot by Tommy Bergsland.
1:50 of 1st period - Shot Misses the Net.
2:23 of 1st period - Off-side.
2:24 of 1st period - Sammy Walker wins face-off versus Bradly Nadeau in neutral zone.
3:20 of 1st period - Shot by Ville Koivunen.
3:20 of 1st period - Stopped by Devin Cooley without a rebound.
3:21 of 1st period - Andrew Agozzino wins face-off versus Curtis Douglas in LONDON ACES zone.
3:28 of 1st period - Shot by Nick Bjugstad.
3:28 of 1st period - Stopped by Devin Cooley without a rebound.
3:29 of 1st period - Cam Lund wins face-off versus Anthony Mantha in LONDON ACES zone.
3:29 of 1st period - Cam Lund is hit by Anthony Mantha.
3:51 of 1st period - Shot by Anthony Mantha.
3:51 of 1st period - Stopped by Devin Cooley with a rebound.
4:01 of 1st period - Shot by Cam Lund.
4:01 of 1st period - Stopped by Waltteri Ignatjew without a rebound.
4:02 of 1st period - Curtis Douglas wins face-off versus Bradly Nadeau in CHICOUTIMI MASTODONTES zone.
4:20 of 1st period - Philip Tomasino is hit by Curtis Douglas and loses puck.
4:57 of 1st period - Shot by Ville Koivunen.
4:57 of 1st period - Deflect By Nick Bjugstad.
4:57 of 1st period - Stopped by Devin Cooley without a rebound.
4:58 of 1st period - Sammy Walker wins face-off versus Anthony Mantha in LONDON ACES zone.
5:06 of 1st period - Icing by Tommy Bergsland.
5:07 of 1st period - Sammy Walker wins face-off versus Andrew Agozzino in LONDON ACES zone.
5:07 of 1st period - Sammy Walker is hit by Nick Bjugstad.
5:36 of 1st period - Shot by Sammy Walker.
5:36 of 1st period - Shot Blocked by Ville Koivunen.
6:27 of 1st period - Shot by Bradly Nadeau.
6:27 of 1st period - Stopped by Devin Cooley without a rebound.
6:28 of 1st period - Curtis Douglas wins face-off versus Bradly Nadeau in LONDON ACES zone.
6:52 of 1st period - Shot by Philip Tomasino.
6:52 of 1st period - Shot Misses the Net.
6:54 of 1st period - Shot by Philip Tomasino.
6:54 of 1st period - Shot Misses the Net.
7:06 of 1st period - Shot by Stephen Halliday.
7:06 of 1st period - Shot Blocked by Patrik Koch.
7:07 of 1st period - Minor Penalty to Patrik Koch for Roughing.
7:08 of 1st period - Sammy Walker wins face-off versus Nick Bjugstad in LONDON ACES zone.
7:19 of 1st period - Scott Perunovich is hit by Nick Bjugstad and loses puck.
8:05 of 1st period - Shot by Andrew Agozzino.
8:05 of 1st period - Stopped by Devin Cooley with a rebound.
8:07 of 1st period - Shot by Anthony Mantha.
8:07 of 1st period - Shot Misses the Net.
8:09 of 1st period - Shot by Jack Millar.
8:09 of 1st period - Shot Misses the Net.
8:11 of 1st period - Shot by Anthony Mantha.
8:11 of 1st period - Shot Misses the Net.
8:44 of 1st period - Shot by Jack Millar.
8:44 of 1st period - Stopped by Devin Cooley without a rebound.
8:45 of 1st period - Andrew Agozzino wins face-off versus Sammy Walker in LONDON ACES zone.
8:52 of 1st period - Shot by Ville Koivunen.
8:52 of 1st period - Deflect By Nick Bjugstad.
8:52 of 1st period - Stopped by Devin Cooley with a rebound.
9:04 of 1st period - Shot by Ville Koivunen.
9:04 of 1st period - Shot Misses the Net.
9:16 of 1st period - Luke Rowe is hit by Walker Duehr and loses puck.
9:29 of 1st period - Shot by Cam Lund.
9:29 of 1st period - Stopped by Waltteri Ignatjew without a rebound.
9:30 of 1st period - Tucker Robertson wins face-off versus Bradly Nadeau in CHICOUTIMI MASTODONTES zone.
10:42 of 1st period - Shot by Walker Duehr.
10:42 of 1st period - Shot Misses the Net.
10:57 of 1st period - Icing by Ville Koivunen.
10:58 of 1st period - Zach Solow wins face-off versus Philip Tomasino in CHICOUTIMI MASTODONTES zone.
11:25 of 1st period - Shot by Andrew Agozzino.
11:25 of 1st period - Shot Misses the Net.
11:27 of 1st period - Shot by Andrew Agozzino.
11:27 of 1st period - Shot Misses the Net.
11:29 of 1st period - Shot by Anthony Mantha.
11:29 of 1st period - Stopped by Devin Cooley with a rebound.
11:31 of 1st period - Shot by Andrew Agozzino.
11:31 of 1st period - Deflect By Anthony Mantha.
11:31 of 1st period - Goal by Anthony Mantha - CHICOUTIMI MASTODONTES : 1 - LONDON ACES : 0.
11:32 of 1st period - Sammy Walker wins face-off versus Anthony Mantha in neutral zone.
12:51 of 1st period - Shot by Zach Solow.
12:51 of 1st period - Stopped by Waltteri Ignatjew with a rebound.
12:53 of 1st period - Shot by Josiah Slavin.
12:53 of 1st period - Shot Misses the Net.
13:08 of 1st period - Icing by Jett Woo.
13:09 of 1st period - Sammy Walker wins face-off versus Anthony Mantha in CHICOUTIMI MASTODONTES zone.
13:27 of 1st period - Shot by Bradly Nadeau.
13:27 of 1st period - Shot Misses the Net.
13:29 of 1st period - Shot by Philip Tomasino.
13:29 of 1st period - Stopped by Devin Cooley without a rebound.
13:30 of 1st period - Bradly Nadeau wins face-off versus Curtis Douglas in LONDON ACES zone.
13:45 of 1st period - Icing by Scott Perunovich.
13:46 of 1st period - Sasha Pastujov wins face-off versus Curtis Douglas in LONDON ACES zone.
13:51 of 1st period - Shot by Philip Tomasino.
13:51 of 1st period - Stopped by Devin Cooley without a rebound.
13:52 of 1st period - Sammy Walker wins face-off versus Bradly Nadeau in LONDON ACES zone.
14:05 of 1st period - Icing by Tommy Bergsland.
14:06 of 1st period - Sammy Walker wins face-off versus Bradly Nadeau in LONDON ACES zone.
14:06 of 1st period - Sammy Walker is hit by Bradly Nadeau.
14:20 of 1st period - Shot by Philip Tomasino.
14:20 of 1st period - Goal by Philip Tomasino - CHICOUTIMI MASTODONTES : 2 - LONDON ACES : 0.
14:21 of 1st period - Curtis Douglas wins face-off versus Ville Koivunen in neutral zone.
14:28 of 1st period - Shot by Curtis Douglas.
14:28 of 1st period - Shot Misses the Net.
14:30 of 1st period - Shot by Drew Bavaro.
14:30 of 1st period - Shot Hit the Post.
14:48 of 1st period - Shot by Zach Solow.
14:48 of 1st period - Shot Hit the Post.
14:56 of 1st period - Shot by Curtis Douglas.
14:56 of 1st period - Stopped by Waltteri Ignatjew without a rebound.
14:57 of 1st period - Oscar Eklind wins face-off versus Bradly Nadeau in CHICOUTIMI MASTODONTES zone.
14:57 of 1st period - Oscar Eklind is hit by Samuel Knazko.
15:15 of 1st period - Shot by Philip Tomasino.
15:15 of 1st period - Shot Misses the Net.
15:17 of 1st period - Shot by Philip Tomasino.
15:17 of 1st period - Shot Blocked by Patrik Koch.
15:23 of 1st period - Shot by Philip Tomasino.
15:23 of 1st period - Shot Blocked by Lleyton Moore.
15:25 of 1st period - Shot by Philip Tomasino.
15:25 of 1st period - Shot Blocked by Patrik Koch.
15:27 of 1st period - Shot by Justin Barron.
15:27 of 1st period - Shot Blocked by Lleyton Moore.
15:29 of 1st period - Shot by Justin Barron.
15:29 of 1st period - Stopped by Devin Cooley without a rebound.
15:30 of 1st period - Cam Lund wins face-off versus Andrew Agozzino in LONDON ACES zone.
15:43 of 1st period - Shot by Cam Lund.
15:43 of 1st period - Shot Blocked by Jack Millar.
17:29 of 1st period - Off-side.
17:30 of 1st period - Tucker Robertson wins face-off versus Anthony Mantha in neutral zone.
17:30 of 1st period - Tucker Robertson is hit by Stephen Halliday.
18:31 of 1st period - Shot by Sasha Pastujov.
18:31 of 1st period - Deflect By Philip Tomasino.
18:31 of 1st period - Goal by Philip Tomasino - CHICOUTIMI MASTODONTES : 3 - LONDON ACES : 0.
18:32 of 1st period - Stephen Halliday wins face-off versus Zach Solow in neutral zone.
18:49 of 1st period - Shot by Nick Bjugstad.
18:49 of 1st period - Stopped by Devin Cooley with a rebound.
Goals for this period are 3 for CHICOUTIMI MASTODONTES vs 0 for LONDON ACES.
Shots for this period are 16 for CHICOUTIMI MASTODONTES vs 5 for LONDON ACES.

2nd period


0:01 of 2nd period - Sammy Walker wins face-off versus Andrew Agozzino in neutral zone.
0:03 of 2nd period - Off-side.
0:04 of 2nd period - Sammy Walker wins face-off versus Andrew Agozzino in neutral zone.
0:26 of 2nd period - Minor Penalty to Oscar Eklind for Interference.
0:27 of 2nd period - Sammy Walker wins face-off versus Philip Tomasino in LONDON ACES zone.
0:54 of 2nd period - Shot by Sasha Pastujov.
0:54 of 2nd period - Stopped by Devin Cooley without a rebound.
0:55 of 2nd period - Andrew Agozzino wins face-off versus Walker Duehr in LONDON ACES zone.
1:34 of 2nd period - Shot by Ville Koivunen.
1:34 of 2nd period - Stopped by Devin Cooley with a rebound.
1:36 of 2nd period - Shot by Justin Barron.
1:36 of 2nd period - Stopped by Devin Cooley without a rebound.
1:37 of 2nd period - Philip Tomasino wins face-off versus Sammy Walker in LONDON ACES zone.
1:44 of 2nd period - Shot by Anthony Mantha.
1:44 of 2nd period - Stopped by Devin Cooley without a rebound.
1:45 of 2nd period - Walker Duehr wins face-off versus Philip Tomasino in LONDON ACES zone.
2:00 of 2nd period - Shot by Anthony Mantha.
2:00 of 2nd period - Stopped by Devin Cooley without a rebound.
2:01 of 2nd period - Andrew Agozzino wins face-off versus Walker Duehr in LONDON ACES zone.
2:04 of 2nd period - Shot by Nick Bjugstad.
2:04 of 2nd period - Stopped by Devin Cooley with a rebound.
2:30 of 2nd period - Shot by Ville Koivunen.
2:30 of 2nd period - Deflect By Sasha Pastujov.
2:30 of 2nd period - Stopped by Devin Cooley with a rebound.
2:32 of 2nd period - Shot by Jack Millar.
2:32 of 2nd period - Shot Misses the Net.
2:34 of 2nd period - Shot by Philip Tomasino.
2:34 of 2nd period - Shot Misses the Net.
2:40 of 2nd period - Shot by Bradly Nadeau.
2:40 of 2nd period - Shot Blocked by Tommy Bergsland.
2:42 of 2nd period - Shot by Bradly Nadeau.
2:42 of 2nd period - Stopped by Devin Cooley without a rebound.
2:43 of 2nd period - Curtis Douglas wins face-off versus Anthony Mantha in LONDON ACES zone.
2:52 of 2nd period - Shot by Andrew Agozzino.
2:52 of 2nd period - Stopped by Devin Cooley without a rebound.
2:52 of 2nd period - Minor Penalty to Drew Bavaro for Elbowing.
2:53 of 2nd period - Sammy Walker wins face-off versus Philip Tomasino in LONDON ACES zone.
2:58 of 2nd period - Anthony Mantha is hit by Martin Chromiak and loses puck.
4:03 of 2nd period - Shot by Ville Koivunen.
4:03 of 2nd period - Shot Blocked by Patrik Koch.
4:05 of 2nd period - Shot by Nick Bjugstad.
4:05 of 2nd period - Stopped by Devin Cooley without a rebound.
4:06 of 2nd period - Ville Koivunen wins face-off versus Sammy Walker in LONDON ACES zone.
4:15 of 2nd period - Shot by Nick Bjugstad.
4:15 of 2nd period - Stopped by Devin Cooley with a rebound.
4:17 of 2nd period - Shot by Justin Barron.
4:17 of 2nd period - Stopped by Devin Cooley without a rebound.
4:18 of 2nd period - Oscar Eklind wins face-off versus Philip Tomasino in LONDON ACES zone.
4:35 of 2nd period - Shot by Philip Tomasino.
4:35 of 2nd period - Shot Misses the Net.
4:37 of 2nd period - Shot by Jett Woo.
4:37 of 2nd period - Stopped by Devin Cooley without a rebound.
4:38 of 2nd period - Andrew Agozzino wins face-off versus Oscar Eklind in LONDON ACES zone.
5:02 of 2nd period - Andrew Agozzino is hit by Patrik Koch and loses puck.
5:09 of 2nd period - Shot by Anthony Mantha.
5:09 of 2nd period - Stopped by Devin Cooley without a rebound.
5:10 of 2nd period - Curtis Douglas wins face-off versus Bradly Nadeau in LONDON ACES zone.
5:14 of 2nd period - Off-side.
5:15 of 2nd period - Sammy Walker wins face-off versus Bradly Nadeau in neutral zone.
5:49 of 2nd period - Shot by Philip Tomasino.
5:49 of 2nd period - Shot Misses the Net.
6:18 of 2nd period - Shot by Nick Bjugstad.
6:18 of 2nd period - Shot Blocked by Simon Mack.
6:36 of 2nd period - Shot by Ville Koivunen.
6:36 of 2nd period - Stopped by Devin Cooley without a rebound.
6:37 of 2nd period - Curtis Douglas wins face-off versus Anthony Mantha in LONDON ACES zone.
7:13 of 2nd period - Shot by Curtis Douglas.
7:13 of 2nd period - Stopped by Waltteri Ignatjew without a rebound.
7:14 of 2nd period - Cam Lund wins face-off versus Bradly Nadeau in CHICOUTIMI MASTODONTES zone.
7:21 of 2nd period - Shot by Walker Duehr.
7:21 of 2nd period - Stopped by Waltteri Ignatjew with a rebound.
8:18 of 2nd period - Shot by Ville Koivunen.
8:18 of 2nd period - Shot Misses the Net.
8:20 of 2nd period - Shot by Ville Koivunen.
8:20 of 2nd period - Stopped by Devin Cooley without a rebound.
8:21 of 2nd period - Curtis Douglas wins face-off versus Anthony Mantha in LONDON ACES zone.
8:28 of 2nd period - Shot by Josiah Slavin.
8:28 of 2nd period - Deflect By Zach Solow.
8:28 of 2nd period - Stopped by Waltteri Ignatjew without a rebound.
8:29 of 2nd period - Sammy Walker wins face-off versus Andrew Agozzino in CHICOUTIMI MASTODONTES zone.
8:36 of 2nd period - Shot by Martin Chromiak.
8:36 of 2nd period - Stopped by Waltteri Ignatjew without a rebound.
8:37 of 2nd period - Sammy Walker wins face-off versus Bradly Nadeau in CHICOUTIMI MASTODONTES zone.
8:37 of 2nd period - Sammy Walker is hit by Kevin Connauton.
9:14 of 2nd period - Shot by Scott Perunovich.
9:14 of 2nd period - Stopped by Waltteri Ignatjew without a rebound.
9:15 of 2nd period - Curtis Douglas wins face-off versus Andrew Agozzino in CHICOUTIMI MASTODONTES zone.
9:44 of 2nd period - Shot by Ville Koivunen.
9:44 of 2nd period - Stopped by Devin Cooley without a rebound.
9:45 of 2nd period - Tucker Robertson wins face-off versus Anthony Mantha in LONDON ACES zone.
9:45 of 2nd period - Tucker Robertson is hit by Stephen Halliday.
10:00 of 2nd period - Shot by Anthony Mantha.
10:00 of 2nd period - Stopped by Devin Cooley with a rebound.
10:02 of 2nd period - Shot by Anthony Mantha.
10:02 of 2nd period - Shot Misses the Net.
10:14 of 2nd period - Shot by Tucker Robertson.
10:14 of 2nd period - Deflect By Sammy Walker.
10:14 of 2nd period - Shot Misses the Net.
10:59 of 2nd period - Shot by Zach Solow.
10:59 of 2nd period - Shot Blocked by Justin Barron.
11:05 of 2nd period - Shot by Josiah Slavin.
11:05 of 2nd period - Deflect By Zach Solow.
11:05 of 2nd period - Shot Misses the Net.
11:07 of 2nd period - Shot by Scott Perunovich.
11:07 of 2nd period - Shot Blocked by Justin Barron.
11:09 of 2nd period - Shot by Scott Perunovich.
11:09 of 2nd period - Shot Blocked by Samuel Knazko.
11:11 of 2nd period - Shot by Scott Perunovich.
11:11 of 2nd period - Stopped by Waltteri Ignatjew without a rebound.
11:12 of 2nd period - Andrew Agozzino wins face-off versus Cam Lund in CHICOUTIMI MASTODONTES zone.
11:12 of 2nd period - Andrew Agozzino is hit by Walker Duehr.
11:19 of 2nd period - Walker Duehr is hit by Nick Bjugstad.
11:20 of 2nd period - Minor Penalty to Nick Bjugstad for High sticking.
11:21 of 2nd period - Curtis Douglas wins face-off versus Andrew Agozzino in CHICOUTIMI MASTODONTES zone.
11:22 of 2nd period - Shot by Zach Solow.
11:22 of 2nd period - Shot Blocked by Jack Millar.
11:32 of 2nd period - Zach Solow is hit by Jack Millar.
11:56 of 2nd period - Shot by Philip Tomasino.
11:56 of 2nd period - Shot Misses the Net.
11:58 of 2nd period - Shot by Philip Tomasino.
11:58 of 2nd period - Deflect By Sasha Pastujov.
11:58 of 2nd period - Shot Blocked by Drew Bavaro.
12:00 of 2nd period - Shot by Philip Tomasino.
12:00 of 2nd period - Shot Blocked by Drew Bavaro.
13:34 of 2nd period - Shot by Cam Lund.
13:34 of 2nd period - Shot Misses the Net.
13:42 of 2nd period - Shot by Daniel D'Amato.
13:42 of 2nd period - Shot Misses the Net.
14:18 of 2nd period - Shot by Tucker Robertson.
14:18 of 2nd period - Stopped by Waltteri Ignatjew without a rebound.
14:19 of 2nd period - Curtis Douglas wins face-off versus Andrew Agozzino in CHICOUTIMI MASTODONTES zone.
14:22 of 2nd period - Shot by Zach Solow.
14:22 of 2nd period - Shot Misses the Net.
14:24 of 2nd period - Shot by Curtis Douglas.
14:24 of 2nd period - Stopped by Waltteri Ignatjew with a rebound.
14:26 of 2nd period - Shot by Zach Solow.
14:26 of 2nd period - Goal by Zach Solow - CHICOUTIMI MASTODONTES : 3 - LONDON ACES : 1.
14:27 of 2nd period - Curtis Douglas wins face-off versus Andrew Agozzino in neutral zone.
14:34 of 2nd period - Shot by Zach Solow.
14:34 of 2nd period - Stopped by Waltteri Ignatjew without a rebound.
14:35 of 2nd period - Andrew Agozzino wins face-off versus Sammy Walker in CHICOUTIMI MASTODONTES zone.
14:35 of 2nd period - Andrew Agozzino is hit by Oscar Eklind.
14:40 of 2nd period - Ville Koivunen is hit by Drew Bavaro and loses puck.
14:51 of 2nd period - Shot by Ville Koivunen.
14:51 of 2nd period - Stopped by Devin Cooley without a rebound.
14:52 of 2nd period - Curtis Douglas wins face-off versus Sasha Pastujov in LONDON ACES zone.
15:13 of 2nd period - Shot by Zach Solow.
15:13 of 2nd period - Shot Misses the Net.
15:56 of 2nd period - Shot by Nick Bjugstad.
15:56 of 2nd period - Stopped by Devin Cooley without a rebound.
15:57 of 2nd period - Cam Lund wins face-off versus Bradly Nadeau in LONDON ACES zone.
16:26 of 2nd period - Shot by Bradly Nadeau.
16:26 of 2nd period - Stopped by Devin Cooley without a rebound.
16:27 of 2nd period - Sammy Walker wins face-off versus Andrew Agozzino in LONDON ACES zone.
16:31 of 2nd period - Minor Penalty to Jack Millar for Hooking.
16:32 of 2nd period - Sammy Walker wins face-off versus Andrew Agozzino in CHICOUTIMI MASTODONTES zone.
16:35 of 2nd period - Shot by Scott Perunovich.
16:35 of 2nd period - Stopped by Waltteri Ignatjew without a rebound.
16:36 of 2nd period - Sammy Walker wins face-off versus Andrew Agozzino in CHICOUTIMI MASTODONTES zone.
16:58 of 2nd period - Shot by Scott Perunovich.
16:58 of 2nd period - Shot Blocked by Justin Barron.
17:00 of 2nd period - Shot by Scott Perunovich.
17:00 of 2nd period - Stopped by Waltteri Ignatjew without a rebound.
17:01 of 2nd period - Nick Bjugstad wins face-off versus Curtis Douglas in CHICOUTIMI MASTODONTES zone.
17:41 of 2nd period - Shot by Sasha Pastujov.
17:41 of 2nd period - Shot Misses the Net.
18:15 of 2nd period - Shot by Sammy Walker.
18:15 of 2nd period - Shot Misses the Net.
18:27 of 2nd period - Shot by Scott Perunovich.
18:27 of 2nd period - Shot Misses the Net.
18:29 of 2nd period - Shot by Scott Perunovich.
18:29 of 2nd period - Stopped by Waltteri Ignatjew with a rebound.
18:33 of 2nd period - Shot by Walker Duehr.
18:33 of 2nd period - Goal by Walker Duehr - CHICOUTIMI MASTODONTES : 3 - LONDON ACES : 2.
18:34 of 2nd period - Bradly Nadeau wins face-off versus Walker Duehr in neutral zone.
18:43 of 2nd period - Shot by Cam Lund.
18:43 of 2nd period - Stopped by Waltteri Ignatjew without a rebound.
18:44 of 2nd period - Tucker Robertson wins face-off versus Anthony Mantha in CHICOUTIMI MASTODONTES zone.
19:03 of 2nd period - Shot by Andrew Agozzino.
19:03 of 2nd period - Shot Blocked by Simon Mack.
19:05 of 2nd period - Shot by Kevin Connauton.
19:05 of 2nd period - Shot Hit the Post.
19:07 of 2nd period - Shot by Luke Rowe.
19:07 of 2nd period - Stopped by Devin Cooley without a rebound.
19:08 of 2nd period - Cam Lund wins face-off versus Bradly Nadeau in LONDON ACES zone.
19:34 of 2nd period - Shot by Cam Lund.
19:34 of 2nd period - Stopped by Waltteri Ignatjew without a rebound.
19:35 of 2nd period - Sammy Walker wins face-off versus Andrew Agozzino in CHICOUTIMI MASTODONTES zone.
19:53 of 2nd period - Ville Koivunen is hit by Patrik Koch and loses puck.
19:58 of 2nd period - Shot by Ville Koivunen.
19:58 of 2nd period - Stopped by Devin Cooley without a rebound.
19:59 of 2nd period - Curtis Douglas wins face-off versus Bradly Nadeau in LONDON ACES zone.
Goals for this period are 0 for CHICOUTIMI MASTODONTES vs 2 for LONDON ACES.
Shots for this period are 23 for CHICOUTIMI MASTODONTES vs 16 for LONDON ACES.

3rd period


0:01 of 3rd period - Sammy Walker wins face-off versus Andrew Agozzino in neutral zone.
0:01 of 3rd period - Scott Perunovich is hit by Nick Bjugstad and loses puck.
0:48 of 3rd period - Icing by Scott Perunovich.
0:49 of 3rd period - Sammy Walker wins face-off versus Bradly Nadeau in LONDON ACES zone.
0:55 of 3rd period - Off-side.
0:56 of 3rd period - Curtis Douglas wins face-off versus Bradly Nadeau in neutral zone.
1:08 of 3rd period - Shot by Philip Tomasino.
1:08 of 3rd period - Shot Misses the Net.
1:58 of 3rd period - Walker Duehr is hit by Jack Millar and loses puck.
2:06 of 3rd period - Minor Penalty to Jack Millar for Interference.
2:07 of 3rd period - Sammy Walker wins face-off versus Andrew Agozzino in CHICOUTIMI MASTODONTES zone.
2:12 of 3rd period - Shot by Sammy Walker.
2:12 of 3rd period - Stopped by Waltteri Ignatjew without a rebound.
2:13 of 3rd period - Andrew Agozzino wins face-off versus Sammy Walker in CHICOUTIMI MASTODONTES zone.
2:26 of 3rd period - Shot by Scott Perunovich.
2:26 of 3rd period - Stopped by Waltteri Ignatjew without a rebound.
2:27 of 3rd period - Andrew Agozzino wins face-off versus Curtis Douglas in CHICOUTIMI MASTODONTES zone.
3:46 of 3rd period - Luke Rowe is hit by Curtis Douglas and loses puck.
3:55 of 3rd period - Icing by Patrik Koch.
3:56 of 3rd period - Andrew Agozzino wins face-off versus Curtis Douglas in LONDON ACES zone.
4:32 of 3rd period - Shot by Sammy Walker.
4:32 of 3rd period - Stopped by Waltteri Ignatjew without a rebound.
4:33 of 3rd period - Cam Lund wins face-off versus Anthony Mantha in CHICOUTIMI MASTODONTES zone.
4:36 of 3rd period - Shot by Walker Duehr.
4:36 of 3rd period - Stopped by Waltteri Ignatjew with a rebound.
4:42 of 3rd period - Shot by Cam Lund.
4:42 of 3rd period - Shot Misses the Net.
4:55 of 3rd period - Cam Lund is hit by Kevin Connauton and loses puck.
5:08 of 3rd period - Cam Lund is hit by Luke Rowe and loses puck.
5:39 of 3rd period - Philip Tomasino is hit by Drew Bavaro and loses puck.
5:46 of 3rd period - Shot by Philip Tomasino.
5:46 of 3rd period - Deflect By Bradly Nadeau.
5:46 of 3rd period - Stopped by Devin Cooley with a rebound.
5:47 of 3rd period - Minor Penalty to Scott Perunovich for Roughing.
5:48 of 3rd period - Sammy Walker wins face-off versus Philip Tomasino in LONDON ACES zone.
6:10 of 3rd period - Shot by Ville Koivunen.
6:10 of 3rd period - Shot Misses the Net.
6:44 of 3rd period - Shot by Anthony Mantha.
6:44 of 3rd period - Shot Misses the Net.
6:46 of 3rd period - Shot by Justin Barron.
6:46 of 3rd period - Shot Blocked by Cooper Walker.
6:48 of 3rd period - Shot by Justin Barron.
6:48 of 3rd period - Stopped by Devin Cooley without a rebound.
6:49 of 3rd period - Andrew Agozzino wins face-off versus Sammy Walker in LONDON ACES zone.
7:02 of 3rd period - Shot by Andrew Agozzino.
7:02 of 3rd period - Stopped by Devin Cooley with a rebound.
7:04 of 3rd period - Shot by Justin Barron.
7:04 of 3rd period - Shot Misses the Net.
7:06 of 3rd period - Shot by Justin Barron.
7:06 of 3rd period - Stopped by Devin Cooley with a rebound.
7:08 of 3rd period - Shot by Justin Barron.
7:08 of 3rd period - Stopped by Devin Cooley with a rebound.
7:10 of 3rd period - Shot by Justin Barron.
7:10 of 3rd period - Stopped by Devin Cooley without a rebound.
7:11 of 3rd period - Philip Tomasino wins face-off versus Sammy Walker in LONDON ACES zone.
8:02 of 3rd period - Cam Lund is hit by Samuel Knazko and loses puck.
8:05 of 3rd period - Shot by Scott Perunovich.
8:05 of 3rd period - Shot Misses the Net.
8:37 of 3rd period - Shot by Bradly Nadeau.
8:37 of 3rd period - Shot Hit the Post.
8:47 of 3rd period - Shot by Anthony Mantha.
8:47 of 3rd period - Stopped by Devin Cooley without a rebound.
8:48 of 3rd period - Tucker Robertson wins face-off versus Anthony Mantha in LONDON ACES zone.
9:26 of 3rd period - Drew Bavaro is hit by Nick Bjugstad and loses puck.
9:42 of 3rd period - Minor Penalty to Drew Bavaro for Interference.
9:43 of 3rd period - Oscar Eklind wins face-off versus Andrew Agozzino in LONDON ACES zone.
9:43 of 3rd period - Oscar Eklind is hit by Nick Bjugstad.
10:08 of 3rd period - Nick Bjugstad is hit by Patrik Koch and loses puck.
10:11 of 3rd period - Shot by Justin Barron.
10:11 of 3rd period - Stopped by Devin Cooley without a rebound.
10:12 of 3rd period - Sammy Walker wins face-off versus Philip Tomasino in LONDON ACES zone.
10:12 of 3rd period - Sammy Walker is hit by Sasha Pastujov.
11:12 of 3rd period - Shot by Ville Koivunen.
11:12 of 3rd period - Stopped by Devin Cooley without a rebound.
11:13 of 3rd period - Oscar Eklind wins face-off versus Bradly Nadeau in LONDON ACES zone.
11:31 of 3rd period - Shot by Nick Bjugstad.
11:31 of 3rd period - Shot Misses the Net.
11:33 of 3rd period - Shot by Jett Woo.
11:33 of 3rd period - Stopped by Devin Cooley without a rebound.
11:34 of 3rd period - Oscar Eklind wins face-off versus Philip Tomasino in LONDON ACES zone.
12:24 of 3rd period - Shot by Tucker Robertson.
12:24 of 3rd period - Shot Blocked by Justin Barron.
12:26 of 3rd period - Shot by Tommy Bergsland.
12:26 of 3rd period - Stopped by Waltteri Ignatjew without a rebound.
12:27 of 3rd period - Anthony Mantha wins face-off versus Cam Lund in CHICOUTIMI MASTODONTES zone.
12:32 of 3rd period - Shot by Anthony Mantha.
12:32 of 3rd period - Stopped by Devin Cooley without a rebound.
12:33 of 3rd period - Sammy Walker wins face-off versus Anthony Mantha in LONDON ACES zone.
12:49 of 3rd period - Shot by Sammy Walker.
12:49 of 3rd period - Shot Misses the Net.
13:05 of 3rd period - Shot by Oscar Eklind.
13:05 of 3rd period - Shot Blocked by Jack Millar.
13:34 of 3rd period - Shot by Zach Solow.
13:34 of 3rd period - Stopped by Waltteri Ignatjew with a rebound.
13:36 of 3rd period - Shot by Tommy Bergsland.
13:36 of 3rd period - Shot Misses the Net.
13:38 of 3rd period - Shot by Curtis Douglas.
13:38 of 3rd period - Stopped by Waltteri Ignatjew without a rebound.
13:39 of 3rd period - Cam Lund wins face-off versus Bradly Nadeau in CHICOUTIMI MASTODONTES zone.
13:45 of 3rd period - Walker Duehr is hit by Kevin Connauton and loses puck.
14:10 of 3rd period - Shot by Philip Tomasino.
14:10 of 3rd period - Shot Misses the Net.
14:12 of 3rd period - Shot by Philip Tomasino.
14:12 of 3rd period - Stopped by Devin Cooley without a rebound.
14:13 of 3rd period - Sammy Walker wins face-off versus Philip Tomasino in LONDON ACES zone.
14:26 of 3rd period - Shot by Sammy Walker.
14:26 of 3rd period - Shot Blocked by Luke Rowe.
14:42 of 3rd period - Shot by Philip Tomasino.
14:42 of 3rd period - Stopped by Devin Cooley without a rebound.
14:43 of 3rd period - Curtis Douglas wins face-off versus Sasha Pastujov in LONDON ACES zone.
14:56 of 3rd period - Shot by Zach Solow.
14:56 of 3rd period - Shot Misses the Net.
14:58 of 3rd period - Shot by Patrik Koch.
14:58 of 3rd period - Shot Misses the Net.
15:21 of 3rd period - Icing by Justin Barron.
15:22 of 3rd period - Sasha Pastujov wins face-off versus Sammy Walker in CHICOUTIMI MASTODONTES zone.
16:01 of 3rd period - Shot by Sammy Walker.
16:01 of 3rd period - Stopped by Waltteri Ignatjew without a rebound.
16:02 of 3rd period - Bradly Nadeau wins face-off versus Cam Lund in CHICOUTIMI MASTODONTES zone.
16:21 of 3rd period - Shot by Sasha Pastujov.
16:21 of 3rd period - Shot Misses the Net.
16:23 of 3rd period - Shot by Kevin Connauton.
16:23 of 3rd period - Stopped by Devin Cooley without a rebound.
16:24 of 3rd period - Curtis Douglas wins face-off versus Andrew Agozzino in LONDON ACES zone.
16:36 of 3rd period - Shot by Lleyton Moore.
16:36 of 3rd period - Deflect By Zach Solow.
16:36 of 3rd period - Stopped by Waltteri Ignatjew without a rebound.
16:37 of 3rd period - Sammy Walker wins face-off versus Anthony Mantha in CHICOUTIMI MASTODONTES zone.
16:52 of 3rd period - Shot by Martin Chromiak.
16:52 of 3rd period - Shot Misses the Net.
17:01 of 3rd period - Icing by Justin Barron.
17:02 of 3rd period - Curtis Douglas wins face-off versus Anthony Mantha in CHICOUTIMI MASTODONTES zone.
17:07 of 3rd period - Shot by Curtis Douglas.
17:07 of 3rd period - Stopped by Waltteri Ignatjew without a rebound.
17:08 of 3rd period - Curtis Douglas wins face-off versus Bradly Nadeau in CHICOUTIMI MASTODONTES zone.
17:08 of 3rd period - Curtis Douglas is hit by Jack Millar.
17:26 of 3rd period - Shot by Zach Solow.
17:26 of 3rd period - Deflect By Josiah Slavin.
17:26 of 3rd period - Stopped by Waltteri Ignatjew without a rebound.
17:27 of 3rd period - Sammy Walker wins face-off versus Andrew Agozzino in CHICOUTIMI MASTODONTES zone.
17:40 of 3rd period - Shot by Sammy Walker.
17:40 of 3rd period - Deflect By Oscar Eklind.
17:40 of 3rd period - Stopped by Waltteri Ignatjew with a rebound.
17:58 of 3rd period - Shot by Ville Koivunen.
17:58 of 3rd period - Deflect By Nick Bjugstad.
17:58 of 3rd period - Goal by Nick Bjugstad - CHICOUTIMI MASTODONTES : 4 - LONDON ACES : 2.
17:59 of 3rd period - Josiah Slavin wins face-off versus Bradly Nadeau in neutral zone.
18:07 of 3rd period - Zach Solow is hit by Jack Millar and loses puck.
18:10 of 3rd period - Shot by Patrik Koch.
18:10 of 3rd period - Stopped by Waltteri Ignatjew without a rebound.
18:11 of 3rd period - Cam Lund wins face-off versus Bradly Nadeau in CHICOUTIMI MASTODONTES zone.
18:19 of 3rd period - Shot by Walker Duehr.
18:19 of 3rd period - Stopped by Waltteri Ignatjew with a rebound.
18:35 of 3rd period - Shot by Walker Duehr.
18:35 of 3rd period - Stopped by Waltteri Ignatjew without a rebound.
18:36 of 3rd period - Andrew Agozzino wins face-off versus Sammy Walker in CHICOUTIMI MASTODONTES zone.
18:56 of 3rd period - Shot by Ville Koivunen.
18:56 of 3rd period - Stopped by Devin Cooley with a rebound.
19:04 of 3rd period - Shot by Ville Koivunen.
19:04 of 3rd period - Shot Misses the Net.
19:12 of 3rd period - Shot by Martin Chromiak.
19:12 of 3rd period - Shot Misses the Net.
19:14 of 3rd period - Shot by Lleyton Moore.
19:14 of 3rd period - Stopped by Waltteri Ignatjew without a rebound.
19:15 of 3rd period - Curtis Douglas wins face-off versus Bradly Nadeau in CHICOUTIMI MASTODONTES zone.
19:26 of 3rd period - Shot by Philip Tomasino.
19:26 of 3rd period - Stopped by Devin Cooley with a rebound.
19:53 of 3rd period - Icing by Scott Perunovich.
19:54 of 3rd period - Curtis Douglas wins face-off versus Anthony Mantha in LONDON ACES zone.
Goals for this period are 1 for CHICOUTIMI MASTODONTES vs 0 for LONDON ACES.
Shots for this period are 17 for CHICOUTIMI MASTODONTES vs 16 for LONDON ACES.